 Dungeon Crawl Stone Soup version 0.21.1-1-g345015f (webtiles) character file.

14141 pox the Markscentaur (level 11, -2/107 HPs)
             Began as a Centaur Hunter on July 30, 2018.
             Was a High Priest of Okawaru.
             Slain by a hellwing (3 damage)
             ... summoned by Frances
             ... on level 11 of the Dungeon.
             The game lasted 01:28:58 (23741 turns).

pox the Markscentaur (Centaur Hunter)              Turns: 23741, Time: 01:28:59

Health: -2/107     AC:  7    Str: 15    XL:     11   Next: 84%
Magic:  11/11      EV: 10    Int: 14    God:    Okawaru [*****.]
Gold:   607        SH:  0    Dex: 15    Spells: 10/10 levels left

rFire    + . .     SeeInvis +   a - +2 shortbow (flame)
rCold    . . .     Gourm    .   (shield currently unavailable)
rNeg     . . .     Faith    +   R - +0 robe "Avvock" {rF+ Int+4}
rPois    .         Spirit   .   o - +2 helmet
rElec    .         Reflect  .   (no cloak)
rCorr    .         Harm     .   (no gloves)
MR       .....                  (no barding)
Stlth    +.........             u - amulet of faith
HPRegen  0.27/turn              A - ring of see invisible
MPRegen  0.12/turn              h - +2 ring of dexterity

@: very quick
A: large, hooves 3, deformed body, speed 2, tough skin 3
a: Heroism, Finesse, Renounce Religion


You were on level 11 of the Dungeon.
You worshipped Okawaru.
Okawaru was extremely pleased with you.
You were hungry.

You visited 2 branches of the dungeon, and saw 13 of its levels.

You collected 817 gold pieces.
You spent 210 gold pieces at shops.

Inventory:

Hand Weapons
 a - a +2 shortbow of flaming (weapon)
 b - a +1 dire flail of protection
 F - a +3 shortbow
 P - a +1 dagger of venom
 U - a +0 rapier of electrocution
 W - a +1 trident of holy wrath
 X - a +1 mace of crushing
 Z - a +2 falchion of freezing
Missiles
 x - 168 stones
 C - 140 arrows (quivered)
 J - 9 tomahawks
Armour
 o - a +2 helmet (worn)
 K - a +3 leather armour
 M - a +0 robe of magic resistance
 R - the +0 robe "Avvock" (worn) {rF+ Int+4}
   (You found it on level 9 of the Dungeon)

   It affects your intelligence (+4).
   It protects you from fire.
Magical Staves
 d - an uncursed staff of poison {unknown}
 S - an uncursed staff of summoning {unknown}
Jewellery
 c - an uncursed ring of poison resistance
 h - a +2 ring of dexterity (right hand)
 k - an uncursed ring of positive energy
 s - an uncursed amulet of rage
 u - an amulet of faith (around neck)
 y - an uncursed ring of ice
 A - a ring of see invisible (left hand)
 B - an uncursed ring of wizardry
 G - an uncursed ring of protection from cold
 H - a +3 amulet of reflection {unknown}
Wands
 N - a wand of polymorph (8)
 O - a wand of flame (41)
Scrolls
 e - a scroll of fog
 g - 2 scrolls of teleportation
 j - a scroll of noise
 m - 5 scrolls of immolation
 q - 3 scrolls of remove curse
 r - 3 scrolls of magic mapping
 v - 2 scrolls of random uselessness {unknown}
 w - a scroll of identify
 E - a scroll of blinking {unknown}
 L - 2 scrolls of amnesia {unknown}
Potions
 i - 3 potions of degeneration
 l - a potion of heal wounds
 n - 4 potions of flight
 p - 3 potions of curing
 z - a potion of brilliance
 D - a potion of might
 I - 2 potions of lignification
Books
 t - a book of Necromancy

   Spells                             Type                      Level
   a - Pain                           Necromancy                   1
   b - Animate Skeleton               Necromancy                   1
   c - Vampiric Draining              Necromancy                   3
   d - Regeneration                   Charms/Necromancy            3
   e - Animate Dead                   Necromancy                   4
   f - Borgnjor's Vile Clutch         Necromancy/Earth             5
 Q - a book of Clouds

   Spells                             Type                      Level
   a - Poisonous Vapours              Poison/Air                   2
   b - Mephitic Cloud                 Conjuration/Poison/Air       3
   c - Conjure Flame                  Conjuration/Fire             3
   d - Freezing Cloud                 Conjuration/Ice/Air          6
   e - Ring of Flames                 Charms/Fire                  7
Comestibles
 f - 21 rations


   Skills:
 + Level 13.3 Fighting
 + Level 17.2 Bows
 - Level 1.4 Dodging
 - Level 0.4 Stealth


You had 10 spell levels left.
You didn't know any spells.

Dungeon Overview and Level Annotations

Branches:
Dungeon (12/15)            Temple (1/1) D:4            Lair (0/6) D:10
    Orc (0/2) D:12

Altars:
Ashenzari
Cheibriados
Dithmenos
Elyvilon
Fedhas
Gozag
Hepliaklqana
Kikubaaqudgha
Makhleb
Nemelex Xobeh
Okawaru
Qazlal
Ru
Sif Muna
Trog
Uskayaw
Vehumet
Wu Jian
Xom
Yredelemnul
Zin
The Shining One

Shops:
D:5 *(*?   D:7 =

Annotations:
D:5 Edmund
D:8 qqq123's ghost, novice MiFi
D:11 Frances
D:12 qqq123's ghost, journeyman MiFi


Innate Abilities, Weirdness & Mutations

You have hooves in place of feet.
Armour fits poorly on your strangely shaped body.
You cover ground very quickly.
You have extremely tough skin. (AC +3)


Message History

Frances seems to speed up.
Firing (i - inventory. (,) - cycle):
C - 142 arrows (quivered)
Press: ? - help, Shift-Dir - straight line, f/p - Frances
Aim: Frances, wielding a dire flail, wearing a scale mail and wearing a large agate ring (lightly wounded, fast)
You shoot an arrow. The arrow hits Frances!
The arrow burns Frances.
Frances is moderately wounded.
Frances says, "I value strength and power.
I see none of this in you."
Frances whispers indecipherable words.
The shard of ice hits you!
Ouch! That really hurt!
* * * LOW HITPOINT WARNING * * *
Firing (i - inventory. (,) - cycle):
C - 141 arrows (quivered)
Press: ? - help, Shift-Dir - straight line, f/p - Frances
Aim: Frances, wielding a dire flail, wearing a scale mail and wearing a large agate ring (moderately wounded, fast)
You shoot an arrow. The arrow hits Frances.
The arrow burns Frances.
Frances is moderately wounded.
The hellwing hits you!
* * * LOW HITPOINT WARNING * * *
The hellwing hits you.
You die...

..).)........)[...#######
..........######>.......#
..........# #..).)...#
..........# #(.#######
..........# #@.#
..........# #.)#
..........# #..#######
....[.....# #........#
..........######@.......#
................4.......#
........................#
..########..####........#
..# #..# #>.......# ..#
#..# #).......# ..# #..#
#........#
..########..####........#
........................#


You could see Frances and a hellwing.

Vanquished Creatures
  A hydra (D:8)
  3 two-headed ogres (D:9)
  A flayed ghost (D:9)
  The ghost of Tsarbomb the Cleaver, a novice HOMo of Beogh (D:4)
  A troll (D:9)
  2 hippogriffs
  Sigmund (D:5)
  A wraith (D:9)
  4 wyverns
  The ghost of pox the Shooter, an amateur CeHu of Okawaru (D:6)
  10 yaks
  3 hogs (D:7)
  A human (D:7)
  2 basilisks (D:10)
  2 water moccasins
  4 porcupines (D:10)
  A black bear (D:10)
  6 orc warriors
  4 sky beasts
  4 ice beasts
  2 necrophages
  4 ogres
  7 centaurs
  2 crocodiles
  2 big kobolds
  7 bullfrogs
  5 scorpions
  7 killer bees
  10 wights
  6 howler monkeys
  5 crimson imps
  A bullfrog zombie (D:8)
  2 centaur skeletons
  4 jellies
  6 orc priests
  13 orc wizards
  A bullfrog skeleton (D:9)
  6 hounds
  4 iguanas
  9 worker ants
  A killer bee zombie (D:9)
  A hound skeleton (D:4)
  A howler monkey zombie (D:6)
  A worker ant zombie (D:6)
  5 gnolls
  15 adders
  5 shadow imps
  An ooze (D:1)
  4 adder skeletons
  3 worms (D:2)
  3 leopard geckos
  36 orcs
  6 giant cockroaches
  4 goblins
  11 hobgoblins
  21 jackals
  23 kobolds
  8 quokkas
  2 ball pythons
  4 bats
  3 frilled lizards
  A leopard gecko skeleton (D:4)
  A quokka zombie (D:6)
  2 rats
318 creatures vanquished.

Vanquished Creatures (others)
  43 bushes (D:10)
  3 fungi (D:10)
  4 plants (D:10)
50 creatures vanquished.

Grand Total: 368 creatures vanquished

Notes
Turn   | Place    | Note
-------+----------+-------------------------------------------
     0 | D:1      | pox the Centaur Hunter began the quest for the Orb.
     0 | D:1      | Reached XP level 1. HP: 17/17 MP: 1/1
   105 | D:1      | Reached XP level 2. HP: 24/24 MP: 2/2
   346 | D:1      | Reached skill level 6 in Bows
  1566 | D:2      | Found a blossoming altar of Fedhas.
  1590 | D:2      | Reached XP level 3. HP: 27/29 MP: 3/3
  2204 | D:2      | Reached skill level 7 in Bows
  2370 | D:2      | Reached XP level 4. HP: 37/37 MP: 4/4
  3600 | D:2      | Reached skill level 8 in Bows
  3600 | D:2      | Reached XP level 5. HP: 16/44 MP: 5/5
  4052 | D:3      | Found a white marble altar of Elyvilon.
  4053 | D:3      | Found a sparkling altar of Nemelex Xobeh.
  4221 | D:3      | Found a faded altar of an unknown god.
  4612 | D:3      | Found an opulent altar of Gozag.
  4912 | D:4      | Noticed Tsarbomb's ghost (novice HOMo)
  4919 | D:4      | Reached skill level 9 in Bows
  4919 | D:4      | Reached XP level 6. HP: 49/51 MP: 6/6
  5017 | D:4      | Found a staircase to the Ecumenical Temple.
  5044 | Temple   | Entered the Ecumenical Temple
  5691 | D:4      | Killed Tsarbomb's ghost
  5691 | D:4      | Reached skill level 10 in Bows
  5691 | D:4      | Reached XP level 7. HP: 42/59 MP: 7/7
  6638 | D:5      | Entered Level 5 of the Dungeon
  6690 | D:5      | Found Daply's Magic Scroll Shop.
  6711 | D:5      | Reached skill level 11 in Bows
  6744 | D:5      | Bought a scroll of enchant weapon for 105 gold pieces
  7176 | D:5      | Reached skill level 5 in Fighting
  7184 | D:5      | Found Gonus's Antique Weapon Shoppe.
  7208 | D:5      | Found Zitielucw's General Store.
  7278 | D:5      | Noticed Sigmund
  7281 | D:5      | Noticed Edmund
  7398 | D:5      | Killed Sigmund
  7398 | D:5      | Reached XP level 8. HP: 36/68 MP: 8/8
  7585 | D:5      | Found Vader's General Store.
  7588 | D:5      | Bought a +2 ring of dexterity for 105 gold pieces
  8004 | D:6      | Reached skill level 12 in Bows
  8089 | D:6      | Noticed pox's ghost (amateur CeHu)
  9389 | D:7      | Found a radiant altar of Vehumet.
  9390 | D:7      | Found a burning altar of Makhleb.
 10080 | D:6      | Reached skill level 13 in Bows
 10124 | D:6      | Killed pox's ghost
 10124 | D:6      | Reached XP level 9. HP: 25/78 MP: 9/9
 10792 | D:6      | Found a shattered altar of Ashenzari.
 10792 | D:6      | Found a deep blue altar of Sif Muna.
 11738 | D:7      | Found Koschap's Jewellery Shop.
 12125 | D:7      | Reached skill level 14 in Bows
 13899 | D:8      | Reached XP level 10. HP: 91/91 MP: 10/10
 13960 | D:8      | Found an iron altar of Okawaru.
 13968 | D:8      | Became a worshipper of Warmaster Okawaru
 14136 | D:8      | Noticed qqq123's ghost (novice MiFi)
 14500 | D:7      | HP: 2/91 [killer bee (9)]
 15839 | D:8      | Reached skill level 15 in Bows
 15993 | D:8      | Noticed a six-headed hydra
 16319 | D:8      | Killed a six-headed hydra
 16319 | D:8      | Reached skill level 10 in Fighting
 16511 | D:8      | Found a stormy altar of Qazlal.
 16520 | D:8      | Reached * piety under Okawaru
 16970 | D:9      | Found a shadowy altar of Dithmenos.
 17290 | D:9      | Noticed a two-headed ogre
 17320 | D:9      | Killed a two-headed ogre
 17320 | D:9      | Reached ** piety under Okawaru
 17625 | D:9      | Noticed a two-headed ogre
 17718 | D:9      | Killed a two-headed ogre
 17718 | D:9      | Reached *** piety under Okawaru
 18084 | D:9      | Noticed a two-headed ogre
 18434 | D:9      | Found a stormy altar of Qazlal.
 18461 | D:9      | Got a distressingly furry robe
 18472 | D:9      | Identified the cursed +0 robe "Avvock" {rF+ Int+4} (You found it on level 9 of the Dungeon)
 18554 | D:9      | Noticed a flayed ghost
 18579 | D:9      | Killed a flayed ghost
 18579 | D:9      | Reached XP level 11. HP: 104/104 MP: 11/11
 18812 | D:9      | Killed a two-headed ogre
 18812 | D:9      | Reached **** piety under Okawaru
 18812 | D:9      | Reached skill level 16 in Bows
 18889 | D:10     | Entered Level 10 of the Dungeon
 18898 | D:9      | Received a gift from Okawaru
 19801 | D:10     | Received a gift from Okawaru
 19914 | D:10     | Reached ***** piety under Okawaru
 19914 | D:10     | Received a gift from Okawaru
 20365 | D:10     | Received a gift from Okawaru
 20375 | D:10     | Found a staircase to the Lair.
 21406 | D:11     | Received a gift from Okawaru
 21406 | D:11     | Reached skill level 17 in Bows
 22961 | D:12     | Noticed Frances
 22961 | D:12     | Noticed qqq123's ghost (journeyman MiFi)
 23061 | D:12     | Noticed a sixfirhy
 23431 | D:12     | Noticed a death knight
 23434 | D:12     | Noticed a skeletal warrior
 23718 | D:12     | Found a staircase to the Orcish Mines.
 23741 | D:11     | HP: 1/107 [hellwing[Frances] (11)]
 23741 | D:11     | Slain by a hellwing

Skill      XL: |  1  2  3  4  5  6  7  8  9 10 11 |
---------------+----------------------------------+-----
Bows           | 6 7 8 9 10 11 13 14 15 17 | 17.2
Fighting       | 3 4 5 6 9 11 13 | 13.3
Dodging        | |  1.4
Stealth        | |  0.4

Action                   |  1- 3 |  4- 6 |  7- 9 | 10-12 || total
-------------------------+-------+-------+-------+-------++-------
Melee: Short sword       |    31 |    85 |    72 |       ||   188
       Kick              |     4 |    18 |    70 |    40 ||   132
       Dagger            |       |       |   176 |    86 ||   262
       Dire flail        |       |       |       |    50 ||    50
       Mace              |       |       |       |    10 ||    10
 Fire: Shortbow          |    84 |   130 |   240 |   552 ||  1006
Throw: Tomahawk          |       |       |     7 |       ||     7
  Use: Potion            |       |     2 |     1 |     4 ||     7
       Scroll            |       |       |    13 |     6 ||    19
  Eat: Chunk             |     3 |     7 |    16 |    21 ||    47
       Ration            |       |       |     2 |     1 ||     3
Armor: Skin              |     8 |     2 |       |       ||    10
       Robe              |       |    38 |    66 |    89 ||   193
Dodge: Dodged            |    27 |    68 |   133 |   148 ||   376
